[Event "*** Biggest EVER Titled Tuesday"]
[Site "Chess.com"]
[Date "2018.04.17"]
[Round "1"]
[White "josiwales"]
[Black "Paralinch"]
[Result "0-1"]
[WhiteElo "2421"]
[BlackElo "2814"]
[TimeControl "180+2"]
[EndTime "13:11:55 PDT"]
[Termination "Paralinch won by resignation"]

1. e4 c6 2. d4 d5 3. Nc3 dxe4 4. Nxe4 Bf5 5. Ng3 Bg6 6. h4 h6 7. Nf3 e6 8. Ne5 Bh7 9. Be3 Nd7 10. f4 Be7 11.
Bd3 Bxd3 12. Qxd3 Nxe5 13. fxe5 Bxh4 14. Bf2 Bxg3 15. Qxg3 Ne7 16. Qxg7 Rg8 17. Qxh6 Qd5 18. Qh3 O-O-O 19. Qf3 Rxg2 20. Qxf7 Nf5 21. Rh7 Qe4+ 22. Kf1 Rxf2+ 23. Kxf2 Qxd4+ 24. Kg2 Qg4+ 25. Kh1 Ng3+ 26. Kg1 Nf5+ 27. Kh1 Qe4+ 28. Kg1 Qd4+ 29. Kg2 Ne3+ 30. Kf3 Qb6 31. Qxe6+ Kb8 32. Qe7 Nd5 33. Qf7 Qe3+ 34. Kg4 Qe4+ 35. Kg3 Qxe5+ 36. Kg2 Qe4+ 37. Kg3 Qe3+ 38.
Kg4 Qe4+ 39. Kg3 Qe5+ 40. Kf3 Qxb2 41. Re1 Qc3+ 42. Kf2 Qxc2+ 43. Re2 Qc5+ 44. Kf3 Qc3+ 45. Kf2 Qd4+ 46. Kf3 Qf4+ 47. Qxf4+ Nxf4 48. Kxf4 a5 49. Ree7 Rd4+ 50. Ke3 Rb4 51. Kd3 Ka7 52. Kc3 Ka6 53. Rh8 Rb1 54. Ra8+ Kb6 55. Rb8 Ka7 56. Rh8 Kb6 57. Rh2 Rc1+ 58. Kb2 Rc5 59. Rhh7 Rb5+ 60. Kc3 Ka6 61. Re8 Rb1 62. Rh2 Rc1+ 63. Rc2 Rh1 64. Rb2 b5 65. Re6 Kb6 66. a4 Rh3+ 67. Kc2 b4 68. Re5 Ra3 69. Rb1 Rxa4 70. Rh1 Ra2+ 71. Kb3 Ra3+ 72. Kc4 Rc3+ 73. Kd4 c5+ 74. Kd5 Kb5 75.
Rh8 Rd3+ 76. Ke4 Rd4+ 77. Ke3 Rc4 78. Rb8+ Ka4 79. Rc8 Rc3+ 80. Kd2 c4 81. Rcc5 Kb3 82. Rxa5 Rh3 83. Rab5 c3+ 84. Ke2 c2 85. Rec5 Rh1 86. Kd2 Rd1+ 87. Ke2 c1=Q 88. Rxc1 Rxc1 89. Kd2 Rc8 0-1

[Event "*** Biggest EVER Titled Tuesday"]
[Site "Chess.com"]
[Date "2018.04.17"]
[Round "1"]
[White "lukas_111111"]
[Black "twitchTriniCupid"]
[Result "1/2-1/2"]
[WhiteElo "2522"]
[BlackElo "2170"]
[TimeControl "180+2"]
[EndTime "13:13:37 PDT"]
[Termination "Game drawn by 50-move rule"]

1. e4 c6 2. d4 d5 3. e5 Bf5 4. Be2 e6 5. Nf3 Ne7 6. O-O c5 7. c4 dxc4 8. Na3 Nbc6 9. Nxc4 Nd5 10. Bg5 Qc7 11. Rc1 h6 12. Bh4 cxd4 13. Nxd4 Nxd4 14.
Qxd4 Bc5 15. Nd6+ Qxd6 16. Bb5+ Kf8 17. exd6 Bxd4 18. d7 g5 19. Rc8+ Ke7 20. Rfc1 Nb6 21. R8c7 Kd8 22. Bg3 e5 23. Rxb7 Bxd7 24. Bxd7 Nxd7 25.
Rcc7 Nc5 26. Rxa7 Rxa7 27. Rxa7 Rf8 28. b4 Nd7 29. Rb7 Kc8 30. Rb5 Kc7 31. Ra5 Kb6 32. h4 f5 33. hxg5 hxg5 34. Rd5 Kc6 35. Ra5 f4 36. Bh2 Nb6 37. Kf1 Ra8 38. Rxa8 Nxa8 39. Ke2 Kd5 40. g3 Kc4 41. gxf4 gxf4 42. a3 Nb6 43.
Kf3 Nd5 44. Ke4 Nc3+ 45. Kf3 Nd5 46. Ke4 Bxf2 47. Kxe5 Bg3 48. Bg1 Nc3 49. b5 Nxb5 50. Ke4 Nc3+ 51. Kf3 Kd3 52. a4 Nxa4 53. Bf2 Bxf2 54.
Kxf4 Bd4 55. Kf3 Nc3 56. Kf4 Nd5+ 57. Kf3 Be3 58. Kg3 Ke4 59. Kg2 Bf4 60. Kf2 Nc3 61. Kg2 Ke3 62. Kf1 Kf3 63. Kg1 Bg3 64. Kf1 Ne4 65. Kg1 Nd2 66. Kh1 Nb3 67. Kg1 Nd4 68.
Kh1 Nf5 69. Kg1 Nh4 70. Kh1 Nf5 71. Kg1 Ne3 72. Kh1 Nc2 73. Kg1 Nb4 74. Kh1 Nd3 75. Kg1 Nf4 76. Kh1 Ne6 77. Kg1 Nd4 78. Kh1 Nc2 79.
Kg1 Bf2+ 80. Kh1 Bh4 81. Kg1 Ne3 82. Kh1 Ng4 83. Kg1 Bg3 84. Kh1 Be1 85. Kg1 Bc3 86.
Kh1 Be5 87. Kg1 Bg3 88. Kh1 Bh4 89. Kg1 Be1 90. Kh1 Bd2 91. Kg1 Bf4 92. Kh1 Bg3 93. Kg1 Bf2+ 94. Kh1 Bh4 95. Kg1 Bg5 96. Kh1 Kg3 97.
Kg1 Nf2 98. Kf1 Bf4 99. Kg1 Kf3 100. Kf1 Bh2 101. Ke1 Ne4 102. Kf1 Ng3+ 103. Ke1 Ke3 104. Kd1 Kd3 105. Ke1 Ke3 106. Kd1 Bg1 107. Kc2 Ne4 108. Kb3 Kd4 109. Kb4 Be3 110. Kb5 Kd5 111. Kb4 Bc5+ 112. Kb3 Nd6 113. Kc3 Bd4+ 114. Kd3 Nf5 115. Ke2 Ke4 1/2-1/2

[Event "*** Biggest EVER Titled Tuesday"]
[Site "Chess.com"]
[Date "2018.04.17"]
[Round "2"]
[White "carlesdc96"]
[Black "Goala"]
[Result "1-0"]
[WhiteElo "2465"]
[BlackElo "2321"]
[TimeControl "180+2"]
[EndTime "13:15:46 PDT"]
[Termination "carlesdc96 won by resignation"]

1. e4 e6 2. d4 d5 3. Nc3 Nf6 4. Bg5 Be7 5. e5 Nfd7 6. Bxe7 Qxe7 7. f4 a6 8. Nf3 Nb6 9. Bd3 Bd7 10. Qd2 c5 11. a3 Nc6 12. dxc5 Qxc5 13. b4 Qe7 14. Ne2 f6 15. Qe3 O-O 16. Qxb6 fxe5 17. Nxe5 d4 18. O-O 1-0

[Event "*** Biggest EVER Titled Tuesday"]
[Site "Chess.com"]
[Date "2018.04.17"]
[Round "2"]
[White "Orest_Vovk"]
[Black "ChessMavenYeti"]
[Result "1-0"]
[WhiteElo "2241"]
[BlackElo "2100"]
[TimeControl "180+2"]
[EndTime "13:16:05 PDT"]
[Termination "Orest_Vovk won by checkmate"]

1. g4 d5 2. h3 e5 3. Bg2 c6 4. d4 e4 5. c4 Bd6 6. Nc3 Ne7 7. Qb3 O-O 8. Bg5 f6 9. Bd2 Kh8 10. e3 Bc7 11. Nge2 a6 12. a4 Nd7 13. cxd5 cxd5 14. Nxd5 Nxd5 15. Qxd5 Re8 16. Bxe4 Qe7 17. Bd3 Nb6 18.
Qh5 Be6 19. Qxh7# 1-0

[Event "*** Biggest EVER Titled Tuesday"]
[Site "Chess.com"]
[Date "2018.04.17"]
[Round "2"]
[White "Boryboy"]
[Black "Annawel"]
[Result "0-1"]
[WhiteElo "2555"]
[BlackElo "2875"]
[TimeControl "180+2"]
[EndTime "13:16:43 PDT"]
[Termination "Annawel won by resignation"]

1. Nf3 Nf6 2. g3 g6 3. Bg2 Bg7 4. b3 O-O 5. Bb2 d6 6. c4 e5 7. Nc3 Nc6 8. O-O Rb8 9. d4 exd4 10. Nxd4 Bd7 11. Qd2 Re8 12. Rad1 Ne5 13. Rfe1 h5 14.
Nd5 h4 15. Nxf6+ Qxf6 16. Nf3 Nxf3+ 0-1

[Event "*** Biggest EVER Titled Tuesday"]
[Site "Chess.com"]
[Date "2018.04.17"]
[Round "2"]
[White "PulpanJ"]
[Black "nicolochessit"]
[Result "1-0"]
[WhiteElo "2469"]
[BlackElo "2323"]
[TimeControl "180+2"]
[EndTime "13:16:52 PDT"]
[Termination "PulpanJ won by resignation"]

1. e4 e6 2. d4 d5 3. Nc3 Nf6 4. Bd3 dxe4 5. Nxe4 Nbd7 6. Nf3 Be7 7. Nxf6+ Nxf6 8.
Bg5 O-O 9. Qe2 Qd5 10. O-O h6 11. Bh4 a5 12. Rfd1 Qh5 13. a4 b6 14. Bxf6 Bxf6 15. Qe4 1-0

[Event "*** Biggest EVER Titled Tuesday"]
[Site "Chess.com"]
[Date "2018.04.17"]
[Round "2"]
[White "dreamist"]
[Black "Winehouse83"]
[Result "1-0"]
[WhiteElo "2517"]
[BlackElo "2361"]
[TimeControl "180+2"]
[EndTime "13:17:40 PDT"]
[Termination "dreamist won by resignation"]

1. e4 c5 2. Nf3 e6 3. g3 Nc6 4. Bg2 g6 5. d4 cxd4 6. Nxd4 Bg7 7. Nb5 Qa5+ 8. N1c3 Bxc3+ 9. Nxc3 a6 10. O-O Nge7 11.
Bh6 b5 12. Nd5 exd5 13. exd5 Bb7 14. dxc6 Bxc6 15. Re1 Bxg2 16. Kxg2 Qb6 17. Qf3 1-0

[Event "*** Biggest EVER Titled Tuesday"]
[Site "Chess.com"]
[Date "2018.04.17"]
[Round "2"]
[White "TBergh98"]
[Black "josephymwale33"]
[Result "1-0"]
[WhiteElo "2231"]
[BlackElo "2134"]
[TimeControl "180+2"]
[EndTime "13:17:41 PDT"]
[Termination "TBergh98 won by checkmate"]

1. d4 Nf6 2. Bg5 Ne4 3. Bf4 d5 4. e3 c5 5. Bd3 Nc6 6. Bxe4 dxe4 7. c3 cxd4 8. cxd4 e5 9. dxe5 Qa5+ 10. Nc3 Bb4 11.
Ne2 g5 12. Bg3 h5 13. h4 gxh4 14. Bxh4 Nxe5 15. O-O Rg8 16. Kh1 Bg4 17. Qd4 f5 18. Nf4 Bxc3 19. bxc3 Rg7 20. Nd5 Ng6 21. Qxg7 Nxh4 22.
Qe7# 1-0

[Event "*** Biggest EVER Titled Tuesday"]
[Site "Chess.com"]
[Date "2018.04.17"]
[Round "2"]
[White "silverback96"]
[Black "asymptotics"]
[Result "1/2-1/2"]
[WhiteElo "2045"]
[BlackElo "2006"]
[TimeControl "180+2"]
[EndTime "13:17:45 PDT"]
[Termination "Game drawn by repetition"]

1. e4 c5 2. Nf3 d6 3. c3 g6 4. d4 cxd4 5. cxd4 Bg7 6. Bb5+ Bd7 7. Bxd7+ Nxd7 8. O-O Ngf6 9. Nc3 O-O 10. Bg5 h6 11.
Be3 Qa5 12. h3 Rfc8 13. Qd2 Kh7 14. Rfc1 b5 15. a3 b4 16. axb4 Qxb4 17. Ra4 Qb7 18. d5 Nc5 19. Bxc5 Rxc5 20. Nd4 Rb8 21. Nc6 Qxb2 22.
Rc2 Nxe4 23. Rxb2 Nxd2 24. Rxb8 Rxc3 25. Rxa7 Rc1+ 26. Kh2 Nf1+ 27. Kg1 Ng3+ 28. Kh2 Nf1+ 29. Kg1 Ng3+ 30. Kh2 Nf1+ 1/2-1/2

[Event "*** Biggest EVER Titled Tuesday"]
[Site "Chess.com"]
[Date "2018.04.17"]
[Round "2"]
[White "DiogenesSinopeus"]
[Black "JozefKneht"]
[Result "1-0"]
[WhiteElo "2421"]
[BlackElo "2376"]
[TimeControl "180+2"]
[EndTime "13:17:54 PDT"]
[Termination "DiogenesSinopeus won by checkmate"]

1. d4 d5 2. c4 c6 3. cxd5 cxd5 4. Bg5 h6 5. Bh4 Nc6 6. Nc3 Bf5 7. e3 Qd7 8. Nf3 e6 9. Bb5 a6 10. Ne5 Qc7 11. Qa4 Rc8 12. Bxc6+ bxc6 13. Qxa6 c5 14. Nb5 Qb8 15. Qa4 f6 16. Nc7+ Ke7 17. Qd7# 1-0

[Event "*** Biggest EVER Titled Tuesday"]
[Site "Chess.com"]
[Date "2018.04.17"]
[Round "2"]
[White "Tesla37"]
[Black "Konavets"]
[Result "0-1"]
[WhiteElo "2574"]
[BlackElo "2806"]
[TimeControl "180+2"]
[EndTime "13:17:57 PDT"]
[Termination "Konavets won by resignation"]

1. e4 e5 2. Nf3 Nc6 3. Bb5 Nf6 4. d3 Ne7 5. O-O c6 6. Ba4 Ng6 7. Re1 d6 8. h3 Be7 9. c4 O-O 10. d4 exd4 11. Qxd4 Re8 12. Nc3 Qc7 13. Be3 Ne5 14.
Bd1 c5 15. Nb5 cxd4 16. Nxc7 dxe3 17. Nxa8 exf2+ 18. Kxf2 Nd3+ 19. Ke3 Nxe1 20. Nxe1 Bd8 21. Bc2 b6 22. Rd1 Bb7 23. Rxd6 Bxa8 0-1

[Event "*** Biggest EVER Titled Tuesday"]
[Site "Chess.com"]
[Date "2018.04.17"]
[Round "2"]
[White "Fandorine"]
[Black "belisarius64"]
[Result "1-0"]
[WhiteElo "2710"]
[BlackElo "2504"]
[TimeControl "180+2"]
[EndTime "13:18:45 PDT"]
[Termination "Fandorine won by resignation"]

1. e4 c5 2. Nf3 e6 3. d3 Nc6 4.
g3 Nf6 5. Bg2 d6 6. O-O Be7 7. Ng5 O-O 8. f4 d5 9. e5 Nd7 10. Nf3 d4 11. Nbd2 Qc7 12. Ne4 b5 13. a4 b4 14. Nfd2 Bb7 15. Nc4 f6 16. Ned6 Rab8 17.
Nxb7 Rxb7 18. Qf3 Nd8 19. exf6 Nxf6 20. f5 exf5 21. Qxf5 Rb8 22. Bf4 Qc8 23. Bxb8 Qxb8 24. Rae1 Rf7 25. Bd5 Nxd5 26. Qxd5 Qc7 27. Ne5 1-0

[Event "*** Biggest EVER Titled Tuesday"]
[Site "Chess.com"]
[Date "2018.04.17"]
[Round "2"]
[White "muran29"]
[Black "Indianlad"]
[Result "0-1"]
[WhiteElo "2355"]
[BlackElo "2698"]
[TimeControl "180+2"]
[EndTime "13:18:48 PDT"]
[Termination "Indianlad won by resignation"]

1. d4 d5 2. c4 e6 3. Nc3 a6 4.
Nf3 dxc4 5. a4 Nc6 6. e4 Na5 7.
Bg5 Be7 8. Bxe7 Qxe7 9. Be2 Nf6 10. O-O O-O 11. e5 Nd5 12. Ne4 Rd8 13. Rc1 b5 14. Nfd2 Nb4 15. Nf3 Nb3 16. Rc3 Bb7 17. Neg5 h6 18.
Nh3 c5 19. Rxb3 cxb3 20. axb5 cxd4 21. Qxb3 d3 22. Bd1 axb5 23. Nf4 Ra1 24. Nh5 Bxf3 25.
Bxf3 Rxf1+ 26. Kxf1 Qc5 27. g3 d2 28. Kg2 Nd3 29. Qd1 Qxf2+ 0-1

[Event "*** Biggest EVER Titled Tuesday"]
[Site "Chess.com"]
[Date "2018.04.17"]
[Round "2"]
[White "jk13"]
[Black "Thee-Chessboy"]
[Result "1-0"]
[WhiteElo "2514"]
[BlackElo "2294"]
[TimeControl "180+2"]
[EndTime "13:18:48 PDT"]
[Termination "jk13 won by resignation"]

1. e4 c5 2. c3 d5 3. exd5 Qxd5 4.
d4 cxd4 5. cxd4 Nc6 6. Nf3 Bg4 7. Nc3 Qh5 8. d5 Ne5 9. Bb5+ Bd7 10. Bxd7+ Nxd7 11. O-O a6 12. Re1 Ngf6 13. Bf4 b5 14. Qd4 b4 15.
Ne4 Nxe4 16. Rxe4 Nf6 17. Re5 Qg4 18. h3 Qd7 19. Rd1 g6 20. d6 e6 21. Ree1 Bg7 22.
Be5 1-0

[Event "*** Biggest EVER Titled Tuesday"]
[Site "Chess.com"]
[Date "2018.04.17"]
[Round "2"]
[White "maximlavrov"]
[Black "WinnerOleg"]
[Result "1-0"]
[WhiteElo "2464"]
[BlackElo "2321"]
[TimeControl "180+2"]
[EndTime "13:18:50 PDT"]
[Termination "maximlavrov won by resignation"]

1. g3 d5 2. Nf3 Nf6 3. Bg2 g6 4. O-O Bg7 5. d3 O-O 6. Nbd2 b6 7. e4 dxe4 8. dxe4 Bb7 9. e5 Ng4 10. Re1 e6 11. Qe2 Nc6 12. c3 a5 13. h3 Nh6 14.
Ne4 Nf5 15. Bg5 Qc8 16. Nf6+ Kh8 17. Rad1 h6 18. Bf4 Rd8 19. g4 Nfe7 20. Qe3 g5 21.
Bxg5 hxg5 22. Qxg5 Rxd1 23. Qh5+ 1-0

[Event "*** Biggest EVER Titled Tuesday"]
[Site "Chess.com"]
[Date "2018.04.17"]
[Round "2"]
[White "MateusViageiro"]
[Black "JosephRyan"]
[Result "1-0"]
[WhiteElo "2216"]
[BlackElo "2085"]
[TimeControl "180+2"]
[EndTime "13:19:09 PDT"]
[Termination "MateusViageiro won by resignation"]

1. e4 e6 2. d4 d5 3. Nd2 Nf6 4. e5 Nfd7 5. Bd3 c5 6. c3 Nc6 7. Ngf3 Be7 8. O-O b6 9. Re1 Bb7 10. Nf1 Qc7 11. Ng3 h5 12. h4 cxd4 13. cxd4 Nb4 14. Bb1 Rc8 15. Bg5 Nc2 16. Bxc2 Qxc2 17. Rc1 Qxd1 18. Rxc8+ Bxc8 19. Rxd1 f6 20. exf6 gxf6 21.
Bf4 Ba6 22. Rc1 Bd8 23. Bd6 Kf7 24. Rc3 Nf8 25. Ra3 Bc4 26. Rxa7+ Kg6 27. Ra8 Nh7 28. Be7 Bxe7 29. Rxh8 Bxa2 30. Nxh5 Kxh5 31. Rxh7+ Kg4 32.
Rxe7 1-0

[Event "*** Biggest EVER Titled Tuesday"]
[Site "Chess.com"]
[Date "2018.04.17"]
[Round "2"]
[White "Fins0905"]
[Black "BIG_Pirate"]
[Result "1-0"]
[WhiteElo "2533"]
[BlackElo "2278"]
[TimeControl "180+2"]
[EndTime "13:19:14 PDT"]
[Termination "Fins0905 won by resignation"]

1. d4 d5 2. c4 c6 3. cxd5 cxd5 4. Nf3 Nf6 5. Nc3 Nc6 6. Bf4 a6 7. Rc1 Bf5 8. Ne5 Rc8 9. e3 e6 10. Qb3 b5 11. Bxb5 axb5 12. Qxb5 Nd7 13. Nxc6 Qb6 14.
Qxb6 Nxb6 15. Na7 Ra8 16. Nab5 Bd3 17. Nc7+ 1-0

[Event "*** Biggest EVER Titled Tuesday"]
[Site "Chess.com"]
[Date "2018.04.17"]
[Round "2"]
[White "Shtembuliak"]
[Black "David_Paravyan"]
[Result "1-0"]
[WhiteElo "2635"]
[BlackElo "2681"]
[TimeControl "180+2"]
[EndTime "13:19:15 PDT"]
[Termination "Shtembuliak won by resignation"]

1. c4 Nf6 2. Nc3 c5 3. Nf3 d5 4. cxd5 Nxd5 5. e4 Nb4 6. Bc4 Nd3+ 7. Ke2 Nf4+ 8. Kf1 Ne6 9. b4 g6 10. bxc5 Bg7 11. Bxe6 Bxe6 12. d4 Nc6 13. Be3 Qa5 14. Rc1 Rd8 15. d5 Bxc3 16. Qc2 Bf6 17. dxe6 fxe6 18.
h4 Nb4 19. Qc4 Nxa2 20. Rb1 Nc3 21. Rc1 Qb5 22. Rxc3 Rd1+ 23. Ne1 Bxc3 24. Qxb5+ Kf7 25. Ke2 Rhd8 26. Qb3 1-0

[Event "*** Biggest EVER Titled Tuesday"]
[Site "Chess.com"]
[Date "2018.04.17"]
[Round "2"]
[White "Fighterman91"]
[Black "Kriari"]
[Result "0-1"]
[WhiteElo "2599"]
[BlackElo "2764"]
[TimeControl "180+2"]
[EndTime "13:19:17 PDT"]
[Termination "Kriari won by resignation"]

1. e4 e5 2. Nf3 Nc6 3. d4 exd4 4. Nxd4 Bb4+ 5. c3 Bc5 6. Be3 Bb6 7. Nf5 g6 8. Bxb6 axb6 9. Ne3 Nf6 10. f3 O-O 11. c4 d5 12. cxd5 Nxe4 13. fxe4 Qh4+ 14.
Kd2 Qxe4 15. Bd3 Qd4 16. Nc3 Re8 17. Re1 Nb4 18. Qb1 Bf5 19. Nxf5 gxf5 20. Re2 f4 21. Ne4 Nxd3 22. Qxd3 Qxb2+ 23. Qc2 Qxa1 0-1

[Event "*** Biggest EVER Titled Tuesday"]
[Site "Chess.com"]
[Date "2018.04.17"]
[Round "2"]
[White "Paralinch"]
[Black "TregubovP"]
[Result "1/2-1/2"]
[WhiteElo "2809"]
[BlackElo "2562"]
[TimeControl "180+2"]
[EndTime "13:19:30 PDT"]
[Termination "Game drawn by repetition"]

1. e4 c5 2. Nf3 e6 3. d4 cxd4 4. Nxd4 Nc6 5. Nc3 Nf6 6. Ndb5 Bb4 7. Bf4 e5 8. Bg5 O-O 9. a3 Be7 10. Bxf6 Bxf6 11. Nd5 Bg5 12. Be2 d6 13. O-O a6 14.
Nbc3 Nd4 15. Bg4 Be6 16. h3 Rc8 17. Qd3 Rc5 18. Rad1 Bxd5 19. Nxd5 Rxc2 20. b4 g6 21. Ne3 Rc7 22. Nd5 Rc2 23. Ne3 Rc7 24. Nd5 Rc2 1/2-1/2

[Event "*** Biggest EVER Titled Tuesday"]
[Site "Chess.com"]
[Date "2018.04.17"]
[Round "2"]
[White "ChessQueen"]
[Black "timator"]
[Result "1-0"]
[WhiteElo "2620"]
[BlackElo "2352"]
[TimeControl "180+2"]
[EndTime "13:19:35 PDT"]
[Termination "ChessQueen won by resignation"]

1. e4 c5 2. Nf3 Nc6 3. Bb5 e6 4. O-O Nge7 5. c3 a6 6. Ba4 b5 7.
Bc2 d5 8. d4 cxd4 9. cxd4 Bb7 10.
e5 Ng6 11. Nc3 Be7 12. g3 Rc8 13. h4 Bb4 14. h5 Nge7 15. h6 g6 16. Bg5 Qc7 17.
Bf6 Rg8 18. g4 Bxc3 19. bxc3 Na5 20. Rc1 Qxc3 21. Bg5 Qa3 22. Bb1 Rxc1 23. Bxc1 Qb4 24. Bd2 Qa3 25. Ng5 Rh8 26. Bxa5 Qxa5 27. Qf3 Nf5 28.
gxf5 gxf5 29. Qf4 Rg8 30. Kh2 Qd8 31. Rg1 Rg6 32. Nxh7 1-0

[Event "*** Biggest EVER Titled Tuesday"]
[Site "Chess.com"]
[Date "2018.04.17"]
[Round "2"]
[White "Mimsychess"]
[Black "JustKid"]
[Result "0-1"]
[WhiteElo "2287"]
[BlackElo "2453"]
[TimeControl "180+2"]
[EndTime "13:19:38 PDT"]
[Termination "JustKid won by resignation"]

1. e4 c5 2. Nf3 g6 3. c3 d5 4. exd5 Qxd5 5. d4 Bg7 6. dxc5 Qxc5 7. Na3 Nf6 8. Be3 Qa5 9. Be2 O-O 10. O-O Nc6 11.
Qb3 a6 12. Nc4 Qf5 13. Nb6 Be6 14. Qa4 Rad8 15. Nd4 Nxd4 16. Bxd4 Nd5 17. Nxd5 Bxd5 18. Bxg7 Kxg7 19. Rad1 Bc6 20. Rd4 Bxa4 0-1

[Event "*** Biggest EVER Titled Tuesday"]
[Site "Chess.com"]
[Date "2018.04.17"]
[Round "2"]
[White "ChainsOfFantasia"]
[Black "Daniela_Movileanu"]
[Result "1-0"]
[WhiteElo "2414"]
[BlackElo "2392"]
[TimeControl "180+2"]
[EndTime "13:19:43 PDT"]
[Termination "ChainsOfFantasia won by checkmate"]

1. d4 Nf6 2. c4 g6 3. Nf3 Bg7 4. Nc3 d5 5. Bf4 O-O 6. e3 Be6 7. Rc1 dxc4 8. Ng5 Bd5 9. e4 h6 10. exd5 hxg5 11. Bxg5 Nxd5 12. Bxc4 Nb6 13. Bb3 Nc6 14.
Ne2 Rc8 15. h4 Nxd4 16. Nxd4 Qxd4 17. Qxd4 Bxd4 18. h5 gxh5 19. Rxh5 c5 20. Ke2 c4 21. Bc2 f6 22. Bh6 Rfd8 23. Bf5 Rc6 24. Rch1 e6 25. Bg6 Rd5 26. R5h4 f5 27. R1h3 Bg7 28. Be8 Rc7 29. Bxg7 Kxg7 30. Rh7+ Kf8 31. Rxc7 Kxe8 32. Rh8# 1-0

[Event "*** Biggest EVER Titled Tuesday"]
[Site "Chess.com"]
[Date "2018.04.17"]
[Round "2"]
[White "Cocaino74"]
[Black "rst2003"]
[Result "0-1"]
[WhiteElo "2141"]
[BlackElo "2224"]
[TimeControl "180+2"]
[EndTime "13:19:49 PDT"]
[Termination "rst2003 won by resignation"]

1. e4 c5 2. Nf3 d6 3. d4 cxd4 4. Nxd4 Nf6 5. Nc3 a6 6. Bg5 e6 7. f4 Qb6 8. Nb3 Be7 9. Qd2 h6 10. Bh4 Nbd7 11. Bf2 Qc7 12. a4 b6 13. Bd3 Bb7 14. a5 b5 15. Qe2 Nc5 16. O-O O-O 17. e5 dxe5 18. Qxe5 Qc6 19. Nd5 Nxd5 20. Nd4 Qc8 0-1

[Event "*** Biggest EVER Titled Tuesday"]
[Site "Chess.com"]
[Date "2018.04.17"]
[Round "2"]
[White "Slovak_fighter2000"]
[Black "SloLev"]
[Result "1-0"]
[WhiteElo "2263"]
[BlackElo "2392"]
[TimeControl "180+2"]
[EndTime "13:19:50 PDT"]
[Termination "Slovak_fighter2000 won by checkmate"]

1. d4 d5 2. Nf3 Nf6 3. Bf4 e6 4. e3 Be7 5. Bd3 O-O 6. h3 b6 7.
Nbd2 Bb7 8. O-O Nbd7 9. Qe2 Ne4 10. Ne5 f6 11. Nxd7 Qxd7 12. Nxe4 dxe4 13. Bc4 Bd5 14. Bxd5 exd5 15. c4 c6 16. Rac1 Rfc8 17. Rc2 b5 18. cxb5 cxb5 19. Rfc1 a6 20. Rc7 Rxc7 21. Rxc7 Qd8 22.
Qc2 Bd6 23. Bxd6 Qxd6 24. Rc8+ Rxc8 25. Qxc8+ Kf7 26. Qb7+ Kg6 27. Qa8 h5 28. Qe8+ Kh6 29. g4 hxg4 30. hxg4 g6 31. Kg2 Kg5 32. Kh3 f5 33.
gxf5 gxf5 34. Qh8 Qg6 35. Qh4# 1-0

[Event "*** Biggest EVER Titled Tuesday"]
[Site "Chess.com"]
[Date "2018.04.17"]
[Round "2"]
[White "FMJoseHerrera"]
[Black "filali-oujda"]
[Result "1-0"]
[WhiteElo "2491"]
[BlackElo "2294"]
[TimeControl "180+2"]
[EndTime "13:19:52 PDT"]
[Termination "FMJoseHerrera won by checkmate"]

1. Nf3 c6 2. g3 d5 3. Bg2 g6 4. O-O Bg7 5. d3 e6 6. c3 Ne7 7. a3 O-O 8. b4 Nd7 9. Bb2 c5 10. Nbd2 b6 11. Qb3 Bb7 12. Rac1 Rc8 13. Rfd1 Nf5 14.
Qa2 Qe7 15. Qa1 cxb4 16. axb4 a6 17. Nb3 e5 18. e4 dxe4 19. dxe4 Bxe4 20. Qxa6 Ra8 21. Qe2 Ra2 22. Qxe4 Rxb2 23. Nbd2 Nd6 24. Qe1 e4 25. Nd4 f5 26. Ra1 Ne5 27. Nf1 Ndc4 28.
h3 Kh8 29. b5 Qc5 30. Ra7 Nd3 31. Rxd3 exd3 32. Rxg7 d2 33. Qe2 Qxd4 34. cxd4 Kxg7 35.
Bf3 Rc8 36. Qe7+ Kh6 37. g4 g5 38. Qf6# 1-0

[Event "*** Biggest EVER Titled Tuesday"]
[Site "Chess.com"]
[Date "2018.04.17"]
[Round "2"]
[White "PawnEatingZombie"]
[Black "nochewycandy"]
[Result "1/2-1/2"]
[WhiteElo "2001"]
[BlackElo "2053"]
[TimeControl "180+2"]
[EndTime "13:19:52 PDT"]
[Termination "Game drawn by repetition"]

1. d4 g6 2. c4 Bg7 3. e4 d6 4. Nc3 Nf6 5. Nf3 O-O 6. Be2 e5 7. O-O Nc6 8. d5 Ne7 9. Bg5 h6 10. Bxf6 Bxf6 11. b4 b6 12. c5 bxc5 13. bxc5 dxc5 14. Nd2 Bd7 15. Nc4 Nc8 16. Rb1 Nd6 17. Qc2 Bg7 18. f3 f5 19. a4 f4 20. a5 g5 21. a6 h5 22. Qa2 g4 23. Rfd1 g3 24. h3 Qh4 25. Bf1 Rf6 26. Rd2 Rg6 27. Nxd6 cxd6 28.
Rb7 Bxh3 29. gxh3 g2 30. Rxg2 Rxg2+ 31. Qxg2 Qf6 32. Nb5 Rd8 33. Nxa7 Ra8 34. Bb5 Kh8 35. Bc6 Rg8 36. Nb5 Bf8 37. a7 Rxg2+ 38. Kxg2 Qg5+ 39. Kf1 Qg3 40. a8=Q Qxf3+ 41. Ke1 Qe3+ 42. Kd1 Qd3+ 43.
Kc1 Qc4+ 44. Kb2 Qb4+ 45. Ka2 Qd2+ 46. Ka3 Qb4+ 47. Ka2 Qd2+ 48. Ka3 Qb4+ 49. Ka2 Qd2+ 50.
Ka3 1/2-1/2

[Event "*** Biggest EVER Titled Tuesday"]
[Site "Chess.com"]
[Date "2018.04.17"]
[Round "2"]
[White "ajkom197"]
[Black "josiwales"]
[Result "1-0"]
[WhiteElo "2391"]
[BlackElo "2412"]
[TimeControl "180+2"]
[EndTime "13:19:54 PDT"]
[Termination "ajkom197 won by resignation"]

1. d4 d5 2. Nf3 Nf6 3. e3 Bg4 4. Be2 c5 5. c4 e6 6. O-O Nc6 7.
cxd5 exd5 8. Nc3 cxd4 9. Nxd4 Bxe2 10. Ncxe2 Bd6 11. Bd2 O-O 12. Bc3 Ne4 13. Rc1 Nxc3 14. Rxc3 Rc8 15. Nxc6 bxc6 16. Qa4 Qd7 17. Rfc1 Qb7 18.
Rxc6 Rxc6 19. Qxc6 Qxb2 20. Qxd6 Qxe2 21. Qxd5 Qb2 22.
Rd1 h6 23. g3 Rc8 24. Rd2 Rc1+ 25. Kg2 Qa1 26. Qd8+ Kh7 27. Qd3+ g6 28. Qd7 Rg1+ 29.
Kh3 Qf6 30. f4 h5 31. Rd6 Qg7 32. Qe7 Rb1 33. Rd7 Kg8 34. Qe8+ Qf8 35. Qxf8+ Kxf8 1-0

[Event "*** Biggest EVER Titled Tuesday"]
[Site "Chess.com"]
[Date "2018.04.17"]
[Round "2"]
[White "mishanick"]
[Black "SabinoBrunello"]
[Result "0-1"]
[WhiteElo "2823"]
[BlackElo "2660"]
[TimeControl "180+2"]
[EndTime "13:20:02 PDT"]
[Termination "SabinoBrunello won by resignation"]

1. d4 d5 2. c4 e6 3. Nf3 Nf6 4. Nc3 Bb4 5. Bg5 h6 6. Bxf6 Qxf6 7. e3 O-O 8. Rc1 c5 9. cxd5 exd5 10. a3 Bxc3+ 11. Rxc3 c4 12. Be2 Nc6 13. O-O b5 14.
Nd2 Be6 15. Bf3 Rfd8 16. Re1 a5 17. Nf1 b4 18. Rc1 Rab8 19. Nd2 Qe7 20. Nxc4 dxc4 21.
Bxc6 bxa3 22. bxa3 Qxa3 23. d5 Qc5 24. e4 Bd7 25. Bxd7 Rxd7 26. Qa4 Rc7 27. Red1 Rb2 28.
Qe8+ Kh7 29. Rf1 c3 30. Qe5 Rd2 31. Qf4 a4 32. Ra1 Ra7 33. Rfb1 Qd4 34. Qf5+ g6 35. Qf3 c2 36. Rf1 Kg7 37. Rac1 a3 38. d6 a2 39. d7 Rxd7 40. Qa3 Ra7 0-1

[Event "*** Biggest EVER Titled Tuesday"]
[Site "Chess.com"]
[Date "2018.04.17"]
[Round "2"]
[White "xavielhumilde_1999"]
[Black "r31415"]
[Result "1-0"]
[WhiteElo "2207"]
[BlackElo "2231"]
[TimeControl "180+2"]
[EndTime "13:20:07 PDT"]
[Termination "xavielhumilde_1999 won by checkmate"]

1. e4 d6 2. d4 Nf6 3. Nc3 g6 4. Be3 c6 5. h3 b5 6. Bd3 e5 7. Nf3 exd4 8. Bxd4 Bg7 9. O-O O-O 10. e5 Nh5 11. exd6 Bxd4 12. Nxd4 Qxd6 13. Nf3 Nf4 14. Ne4 Qc7 15. Qd2 Nd7 16. a4 Bb7 17. b4 a6 18.
Rfe1 Rad8 19. Qc3 Rfe8 20. axb5 axb5 21. Bxb5 Qb6 22. Bd3 f5 23. Bc4+ Nd5 24. Neg5 Kf8 25. Qh8# 1-0